Map: Ascension to Aiur LE

Players

RuffRiderz - Winner!

  • Race: Protoss Protoss
  • League: Gold
  • Spawn Location: 11:00

CreepyGeek

  • Race: Zerg Zerg
  • League: Diamond
  • Spawn Location: 5:00

VOD

Have the link to the VOD?

Description

Time

  • Played on: May 9, 2017, 6:07 a.m.
  • Length: 7:57
Show
View Real Time Build Order
Export as new Build Order

RuffRiderz Protoss - Winner!

Build Orders: Cannon Rush 

Get SALT Encoding   

  12  0:01  Probe (Chrono Boost)  
  13  0:11  Probe (Chrono Boost)  
  14  0:26  Pylon  
  14  0:29  Probe (Chrono Boost)  
  15  0:44  Forge  
  15  0:45  Probe (Chrono Boost)  
  16  0:55  Probe (Chrono Boost)  
  17  1:06  Probe (Chrono Boost)  
  17  1:07  Pylon  
  18  1:16  Probe (Chrono Boost)  
  19  1:23  Pylon  
  19  1:27  Photon Cannon  
  19  1:31  Photon Cannon  
  19  1:35  Pylon  
  19  1:42  Photon Cannon  
  19  1:45  Photon Cannon  
  19  1:48  Gateway  
  19  1:52  Gateway  
  19  2:04  Photon Cannon  
  19  2:15  Photon Cannon  
  19  2:27  Photon Cannon  
  19  2:35  Probe (Chrono Boost)  
  20  2:40  Assimilator  
  20  2:46  Probe (Chrono Boost)  
  20  2:47  Photon Cannon  
  20  2:49  Gateway  
  20  2:50  Pylon  
  21  2:56  Probe (Chrono Boost)  
  22  3:07  Assimilator  
  22  3:10  Pylon  
  22  3:14  Photon Cannon  
  22  3:20  Photon Cannon  
  22  3:31  Photon Cannon, Probe (Chrono Boost)  
  23  3:40  Pylon  
  23  3:42  Probe (Chrono Boost)  
  24  3:52  Cybernetics Core  
  24  3:55  Probe (Chrono Boost)  
  24  4:15  Photon Cannon  
  24  4:28  Zealot  
  26  4:37  Stargate  
  26  4:41  Stargate  
  26  5:07  Probe (Chrono Boost)  
  26  5:09  Nexus  
  27  5:14  Pylon  
  27  5:18  Probe (Chrono Boost)  
  28  5:37  Nexus  
  28  5:41  Probe (Chrono Boost)  
  29  5:51  Probe (Chrono Boost)  
  29  5:53  Photon Cannon  
  30  6:00  Pylon  
  30  6:02  Probe (Chrono Boost)  
  31  6:13  Probe (Chrono Boost)  
  32  6:24  Mothership Core (Chrono Boost)  
  32  6:31  Pylon  
  32  6:36  Pylon  
  32  6:42  Void Ray, Probe (Chrono Boost)  
  37  6:48  Void Ray  
  37  6:49  Probe (Chrono Boost)  
  37  6:52  Probe (Chrono Boost)  
  43  6:55  Adept  
  43  7:00  Probe (Chrono Boost)  
  46  7:03  Probe (Chrono Boost)  
  46  7:06  Photon Cannon  
  47  7:11  Probe (Chrono Boost)  
  48  7:46  Probe (Chrono Boost)  
Show
View Real Time Build Order
Export as new Build Order

CreepyGeek Zerg 

Build Orders: Hatch First 

Get SALT Encoding   

  12  0:01  Drone  
  13  0:15  Overlord  
  13  0:17  Drone  
  15  0:35  Drone x2  
  16  0:49  Hatchery  
  15  0:53  Drone  
  15  0:56  Drone  
  17  1:11  Spawning Pool  
  16  2:02  Zergling x8  
  10  2:33  Zergling x4  
  10  2:34  Zergling x4  
  10  2:35  Queen  
  10  2:36  Queen  
  17  2:39  Zergling x4  
  19  2:49  Zergling x4  
  21  3:01  Zergling x4  
  18  3:24  Drone x3  
  18  3:25  Extractor  
  16  3:40  Drone x2  
  18  3:42  Drone  
  19  3:58  Queen  
  20  4:22  Drone x5  
  20  4:23  Drone  
  26  4:32  Drone  
  26  4:33  Overlord  
  27  4:49  Evolution Chamber  
  27  4:51  Drone  
  27  5:05  Zergling x12  
  27  5:06  Zergling x2  
  34  5:34  Metabolic Boost  
  34  5:36  Drone  
  34  5:38  Overlord x2  
  30  6:40  Zergling x2  
  30  6:41  Zergling x14  
  30  6:42  Zergling x14  
  45  7:01  Zergling x6  
  48  7:02  Queen  
  48  7:05  Overlord  
  50  7:14  Queen  
  51  7:26  Overlord  
Tags
 
Add a new tag
Caveats
  • Supply blocks, unpowered buildings, or Contaminate may cause inaccurate times.
  • Supply counts are checked every 10 seconds.